 Dungeon Crawl Stone Soup version 0.28.0-53-g5a82cb258f (webtiles) character file.

Game seed: 13013026428315141080

617 ZappyNine the Fighter (level 7, -3/130 HPs)
             Began as an Ogre Berserker on May 21, 2022.
             Was a Priest of Trog.
             Slain by a gnoll sergeant
             ... wielding a +0 spear
              (5 damage)
             ... on level 5 of the Dungeon.
             The game lasted 00:06:03 (5853 turns).

ZappyNine the Fighter (Ogre Berserker)              Turns: 5853, Time: 00:06:04

Health: -3/130     AC:  6    Str: 22    XL:     7   Next: 45%
Magic:  7/7        EV: 10    Int:  8    God:    Trog [***...]
Gold:   228        SH:  0    Dex: 10    Spells: 6/6 levels left

rFire   . . .      SeeInvis .   a - +0 mace
rCold   + . .      Faith    .   (no shield)
rNeg    . . .      Spirit   .   s - +0 steam dragon scales
rPois   .          Reflect  .   (helmet restricted)
rElec   .          Harm     .   (no cloak)
rCorr   .          Rampage  .   (gloves unavailable)
Will    +++..                   (boots unavailable)
Stlth   ..........              c - amulet of the acrobat
HPRegen 1.31/turn               e - ring of protection from cold
MPRegen 0.10/turn               f - ring of willpower

@: berserking, strong-willed (expiring), attractive, regenerating (expiring),
hasted, very quick
A: large, unfitting armour, tough skin 1
a: Renounce Religion, Berserk, Trog's Hand


You were on level 5 of the Dungeon.
You worshipped Trog.
Trog was most pleased with you.
You visited 1 branch of the dungeon, and saw 5 of its levels.

You collected 228 gold pieces.

Inventory:

Hand Weapons
 a - a +0 mace (weapon)
Missiles
 l - 2 throwing nets (quivered)
Armour
 s - +0 steam dragon scales (worn)
Jewellery
 c - an amulet of the acrobat (around neck)
 e - a ring of protection from cold (left hand)
 f - a ring of willpower (right hand)
 n - a ring of magical power
 r - a ring of flight
Wands
 m - a wand of mindburst (15)
Scrolls
 d - a scroll of fog {unknown}
 g - 3 scrolls of teleportation {unknown}
 h - 5 scrolls of identify {unknown}
 q - a scroll of amnesia {unknown}
 t - a scroll of enchant armour {unknown}
Potions
 j - a potion of magic {unknown}
 k - a potion of resistance {unknown}
 o - a potion of degeneration {unknown}
 p - 2 potions of lignification {unknown}


   Skills:
 + Level 10.3 Fighting
 + Level 3.7 Maces & Flails
 - Level 2.6 Dodging


You had 6 spell levels left.
You didn't know any spells.
Your spell library was empty.

Dungeon Overview and Level Annotations

Branches:
Dungeon (5/15)
 Temple: D:4-7

Altars:

Annotations:
D:3 1 runed translucent door, Crazy Yiuf


Innate Abilities, Weirdness & Mutations

You are too large for most types of armour.
You have tough skin. (AC +1)


Message History

* * * LOW HITPOINT WARNING * * *
The gnoll hits you with a +0 club.
* * * LOW HITPOINT WARNING * * *
The gnoll barely misses you. The gnoll is attracted toward you.
A red film seems to cover your vision as you go berserk!
You feel yourself moving faster!
You feel mighty! The gnoll sergeant barely misses you.
The gnoll closely misses you. The gnoll hits you but does no damage.
Unknown command.
You barely miss the gnoll. The gnoll hits you with a +0 club.
* * * LOW HITPOINT WARNING * * *
The gnoll hits you with a +0 flail.
* * * LOW HITPOINT WARNING * * *
The gnoll sergeant hits you from afar with a +0 spear.
* * * LOW HITPOINT WARNING * * *
The gnoll hits you from afar with a +0 halberd!
* * * LOW HITPOINT WARNING * * *
You sock the gnoll!
The gnoll is almost dead.
The gnoll hits you with a +0 club.
* * * LOW HITPOINT WARNING * * *
The gnoll barely misses you.
The gnoll sergeant is attracted toward you.
Unknown command.
Unknown command.
You barely miss the gnoll.
The gnoll is almost dead.
The gnoll sergeant hits you with a +0 spear.
* * * LOW HITPOINT WARNING * * *
The gnoll barely misses you. The gnoll misses you.
The gnoll hits you with a +0 club.
* * * LOW HITPOINT WARNING * * *
The gnoll barely misses you.
Unknown command.
You bludgeon the gnoll!!
You feel the power of Trog in you as your rage grows.
You kill the gnoll!
Trog accepts your kill.
The gnoll sergeant hits you with a +0 spear.
You die...

...............##+##......#
.....g..............#######
.........[..........#
....................#
....#######.........#
....'.....#.........#######
....#.....###'#####.......#
....###...##...#).#.......#
......#...##..gg@g#.......#
......#.......g#g.#.......#
......+...##..##ยง.#########
......##..##..##..##
.......#####.......#
.......# #........# .......#
#........# .......#
########## ########


You could see a gnoll sergeant and 4 gnolls.

Vanquished Creatures
  A steam dragon (D:5)
  A gnoll sergeant (D:2)
  A scorpion (D:5)
  A water moccasin skeleton (D:5)
  A howler monkey (D:4)
  A jelly (D:4)
  2 orc wizards (D:4)
  An iguana (D:4)
  A hound skeleton (D:4)
  5 gnolls
  3 adders
  A white imp (D:5)
  An adder zombie (D:5)
  2 worms
  A dart slug (D:1)
  6 orcs
  8 endoplasms
  6 giant cockroaches
  3 goblins
  6 hobgoblins
  9 jackals
  2 quokkas (D:3)
  11 ball pythons
  3 bats
  6 frilled lizards
  6 kobolds
  11 rats
100 creatures vanquished.

Notes
Turn   | Place    | Note
-------+----------+-------------------------------------------
     0 | D:1      | ZappyNine the Ogre Berserker began the quest for the Orb.
     0 | D:1      | Reached XP level 1. HP: 24/24 MP: 1/1
    29 | D:1      | Found a faded altar of an unknown god.
   105 | D:1      | Reached XP level 2. HP: 15/33 MP: 2/2
   395 | D:1      | Reached skill level 5 in Fighting
   579 | D:1      | Reached XP level 3. HP: 37/42 MP: 3/3
   722 | D:1      | Reached ** piety under Trog
  1087 | D:2      | Reached skill level 6 in Fighting
  1785 | D:2      | Reached XP level 4. HP: 50/53 MP: 4/4
  2181 | D:3      | Noticed a gnoll sergeant
  2229 | D:2      | Killed a gnoll sergeant
  2230 | D:2      | Reached skill level 7 in Fighting
  2230 | D:2      | Reached XP level 5. HP: 16/62 MP: 5/5
  2493 | D:3      | Reached skill level 8 in Fighting
  3021 | D:3      | Reached *** piety under Trog
  3138 | D:3      | Found a runed translucent door.
  3139 | D:3      | Noticed Crazy Yiuf
  3821 | D:4      | Reached XP level 6. HP: 73/74 MP: 6/6
  4080 | D:4      | Reached skill level 9 in Fighting
  4761 | D:5      | Entered Level 5 of the Dungeon
  4871 | D:5      | Reached XP level 7. HP: 70/84 MP: 7/7
  5047 | D:5      | Reached skill level 10 in Fighting
  5208 | D:5      | Noticed a steam dragon
  5217 | D:5      | Killed a steam dragon
  5850 | D:5      | HP: 6/130 [gnoll/+0 halberd (9)]
  5852 | D:5      | HP: 1/130 [gnoll/+0 club (3)]
  5853 | D:5      | Slain by a gnoll sergeant

Illustrated notes

Levels and vault maps discovered:
D:1:      lordsloth_arrival_two_stooges, layout_basic,
          hellmonk_ecumenical_altar_blasted
D:2:      layout_basic, hangedman_feature_mirror
D:3:      layout_loops_ring, uniq_crazy_yiuf_cottage
D:4:      layout_basic
D:5:      layout_gridville

Skill      XL: |  1  2  3  4  5  6  7 |
---------------+----------------------+-----
Fighting       | 5 6 7 8 9 10 | 10.3
Maces & Flails | 3 |  3.7
Dodging        | |  2.6

Action                   |  1- 3 |  4- 6 |  7- 9 || total
-------------------------+-------+-------+-------++-------
Melee: Mace              |   106 |   187 |    37 ||   330
       Punch             |       |     3 |     2 ||     5
Invok: Berserk           |     1 |     4 |     2 ||     7
       Trog's Hand       |       |       |     1 ||     1
  Use: Potion            |       |       |     2 ||     2
 Stab: Distracted        |     1 |       |       ||     1
Armor: Animal skin       |    29 |    67 |     6 ||   102
       Steam dragon scal |       |       |     5 ||     5
Dodge: Dodged            |    79 |   131 |    42 ||   252
